 Dungeon Crawl Stone Soup version 0.30-a0-385-gfebfb9b408 (webtiles) character file.

Game seed: 14654439129419130180

445 tio the Grave Robber (level 6, -4/42 HPs)
             Began as a Demonspawn Necromancer on Dec 2, 2022.
             Slain by a gnoll
             ... wielding a +0 spear
             ... led by a gnoll sergeant
              (5 damage)
             ... on level 5 of the Dungeon.
             The game lasted 00:22:45 (5040 turns).

tio the Grave Robber (Demonspawn Necromancer)       Turns: 5040, Time: 00:22:45

Health: -4/42      AC:  3    Str:  6 (8)  XL:     6   Next: 72%
Magic:  12/21      EV: 14    Int: 15      God:
Gold:   254        SH:  0    Dex: 11 (14) Spells: 12/13 levels left

rFire   + + .      SeeInvis +    b - +8 dagger "Noet" {drain, rPois Int-3 SInv}
rCold   x . .      Faith    +    (no shield)
rNeg    . . .      Spirit   .    a - +0 robe
rPois   +          Reflect  .    (helmet restricted)
rElec   .          Harm     .    (no cloak)
rCorr   .          Rampage  .    c - +0 pair of gloves
Will    .....                    (no boots)
Stlth   ++........               p
                                   - Hermit's Pendant {Faith Invo=14 Evo=0 MP+5}
HPRegen 0.27/turn                i - ring of protection from fire
MPRegen 0.17/turn                m - ring of fire

@: no status effects
A: antennae 1, repulsion field 1, ignite blood 1
a: no special abilities


You were on level 5 of the Dungeon.
You visited 1 branch of the dungeon, and saw 5 of its levels.
You also visited: Sewer.

You collected 254 gold pieces.

Inventory:

Hand Weapons
 b - the +8 dagger "Noet" (weapon) {drain, rPois Int-3 SInv}
   (You found it on level 3 of the Dungeon)

   A truly terrible weapon, it drains the life of any living foe it strikes.
   Int:       It affects your intelligence (-3).
   rPois:     It protects you from poison.
   SInv:      It lets you see invisible.
 h - a +0 rapier
Missiles
 o - 9 boomerangs
 r - 6 curare-tipped darts
 u - a throwing net
Armour
 a - a +0 robe (worn)
 c - a +0 pair of gloves (worn)
 j - a +0 scale mail
Jewellery
 i - a ring of protection from fire (left hand)
 m - a ring of fire (right hand)
 p - the Hermit's Pendant (around neck) {Faith Invo=14 Evo=0 MP+5}
   (You found it on level 4 of the Dungeon)

   [amulet of faith]

   It sets your invocations skill to 14 and your evocations skill to 0.
   It allows you to gain divine favour quickly.
   MP:        It affects your magic capacity (+5).
Wands
 k - a wand of flame (13)
Scrolls
 e - a scroll of brand weapon
 f - a scroll of magic mapping
 n - a scroll of teleportation
 q - a scroll of immolation {unknown}
 t - a scroll of identify
Potions
 d - a potion of flight
 g - a potion of attraction {unknown}
 l - a potion of cancellation
 s - a potion of brilliance


   Skills:
 + Level 0.9 Fighting
 + Level 1.0 Short Blades
 + Level 1.5 Armour
 + Level 2.0 Dodging
 + Level 2.1 Stealth
 + Level 4.3 Spellcasting
 + Level 6.6 Necromancy


You had 12 spell levels left.
You knew the following spells:

 Your Spells              Type           Power      Damage    Failure   Level
a - Necrotise             Necr           92%        1d8       1%          1

Your spell library contained the following spells:

 Spells                   Type           Power      Damage    Failure   Level
 Vampiric Draining        Necr           23%        2d7       3%          3
 Animate Dead             Necr           23%        N/A       12%         4
 Agony                    Necr           23%        N/A       32%         5


Dungeon Overview and Level Annotations

Branches:
Dungeon (5/15)              Sewer (visited)
 Temple: D:4-7

Altars:
Dithmenos
Hepliaklqana
Makhleb

Annotations:
D:5 Edmund


Innate Abilities, Weirdness & Mutations

You have a pair of small antennae on your head.
You are surrounded by a mild repulsion field. (EV +2)
Your demonic aura sometimes causes spilled blood to erupt in flames.


Message History

The gnoll sergeant writhes in agony!
The gnoll closely misses you. The gnoll hits you but does no damage.
The gnoll sergeant hits you from afar with a +0 spear of flaming.
You are too injured to fight recklessly!
You are too injured to fight recklessly!
You are too injured to fight recklessly!
You are too injured to fight recklessly!
The gnoll hits your gnoll skeleton with a +0 flail!
Your gnoll skeleton hits the gnoll.
Aiming: Throw Flame
Press: ? - help, Q - select action, (/) - cycle Shift-Dir - straight line, f/p - gnoll sergeant
Aim: a gnoll sergeant, wielding a +0 spear of flaming and wearing a +0 ring mail (severely wounded, 77% to hit)
The puff of flame hits the gnoll.
The gnoll is heavily wounded.
The gnoll hits your gnoll skeleton with a +0 flail.
Your gnoll skeleton is destroyed!
The gnoll hits you from afar with a +0 spear.
The gnoll barely misses you. The gnoll barely misses you.
The gnoll closely misses you.
You see here a throwing net.
You barely miss the gnoll.
The gnoll hits you from afar with a +0 spear.
The gnoll barely misses you. The gnoll sergeant misses you.
u - a throwing net The gnoll misses you.
The gnoll barely misses you.
The gnoll hits you from afar with a +0 spear!
* * * LOW HITPOINT WARNING * * *
The gnoll sergeant hits you from afar with a +0 spear of flaming.
* * * LOW HITPOINT WARNING * * *
The gnoll barely misses you.
The gnoll sergeant hits you from afar with a +0 spear of flaming.
* * * LOW HITPOINT WARNING * * *
A gnoll and an adder come into view.
The gnoll shouts!
The adder hisses angrily.
Edmund the Younger comes into view.
He is wielding a +1 flail of protection.
Found a shadowy altar of Dithmenos.
Found a stone staircase leading down.
Edmund shouts!
The gnoll barely misses you.
The gnoll hits you from afar with a +0 spear.
You die...

##..............#
##########......# ....
#......#
####+#####......# #
..........(...# >.
........###########...
........###.........#.
..........#.....S..@..
###.........gg@....._.
...........##.###.....
####+#+#..gggg..+ .#.
.....[...###
#...#......'
#..##......# ...
.......# .. .......?#
...#.....#


You could see Edmund, a gnoll sergeant, 4 gnolls and an adder.

Vanquished Creatures
  Pargi (Sewer)
  A kobold brigand (D:4)
  A crimson imp (D:3)
  An iguana (D:5)
  An orc priest (D:4)
  8 adders
  A gnoll (D:5)
  An ufetubus (D:3)
  2 dart slugs (D:3)
  A worm (D:2)
  13 orcs
  7 bats
  2 endoplasms
  4 giant cockroaches
  3 goblins
  6 hobgoblins
  9 jackals
  5 kobolds
  2 quokkas
  4 ball pythons
  4 frilled lizards
  4 goblin zombies (D:3)
  A hobgoblin zombie (D:3)
  A kobold skeleton (D:3)
  A kobold zombie (D:3)
  An orc skeleton (D:3)
  An orc zombie (D:3)
  A rat (D:4)
87 creatures vanquished.

Vanquished Creatures (collateral kills)
  An orc (D:3)
1 creature vanquished.

Vanquished Creatures (others)
  A fungus (D:2)
  2 plants (D:2)
3 creatures vanquished.

Grand Total: 91 creatures vanquished

Notes
Turn   | Place    | Note
-------+----------+-------------------------------------------
     0 | D:1      | tio the Demonspawn Necromancer began the quest for the Orb.
     0 | D:1      | Reached XP level 1. HP: 13/13 MP: 3/3
   570 | D:1      | Gained mutation: You are surrounded by a mild repulsion
                  | field. (EV +2) [demonic ancestry]
   570 | D:1      | Reached XP level 2. HP: 19/19 MP: 0/5
   857 | D:2      | Reached skill level 5 in Necromancy
   925 | D:2      | Found a faded altar of an unknown god.
  1400 | D:2      | Gained mutation: You have a pair of small antennae on your
                  | head. [demonic ancestry]
  1400 | D:2      | Reached XP level 3. HP: 24/24 MP: 3/6
  1954 | D:3      | Identified the +8 dagger "Noet" {drain, rPois Int-3 SInv}
  2030 | D:3      | Gained mutation: Your demonic aura sometimes causes spilled
                  | blood to erupt in flames. [demonic ancestry]
  2030 | D:3      | Reached XP level 4. HP: 18/30 MP: 8/8
  2103 | D:3      | Reached skill level 1 in Armour
  2144 | D:3      | Found a hazy altar of Hepliaklqana.
  2438 | D:3      | Reached XP level 5. HP: 36/36 MP: 5/9
  3337 | D:4      | HP: 2/54 [poisoned by a kobold brigand (curare-tipped
                  | dart)]
  3340 | D:4      | Reached skill level 6 in Necromancy
  3488 | D:4      | Found a glowing drain.
  3539 | D:4      | Found a burning altar of Makhleb.
  3643 | D:4      | Reached skill level 1 in Short Blades
  3643 | D:4      | Reached XP level 6. HP: 25/42 MP: 2/11
  3827 | Sewer    | Entered a sewer
  3899 | Sewer    | Noticed Pargi
  3912 | Sewer    | Killed Pargi
  4222 | D:4      | Found the Hermit's Pendant {Faith Invo=14 Evo=0 MP+5}
  4911 | D:5      | Entered Level 5 of the Dungeon
  5037 | D:5      | HP: 1/42 [gnoll sergeant/+0 spear of flaming (4)]
  5039 | D:5      | Found a shadowy altar of Dithmenos.
  5039 | D:5      | Noticed Edmund
  5040 | D:5      | Slain by a gnoll

Illustrated notes

Levels and vault maps discovered:
D:1:      minmay_arrival_open_corners, layout_loops_ring
D:2:      layout_loops_corners, shapermc_ecumenical_altar_mp_urbaneastern,
          supply_closet_lemuel
D:3:      layout_loops_ring, nicolae_overflow_hidden_temple,
          nicolae_tso_besieged_by_evil, minmay_misc_feat_five, st_stairs_13
D:4:      layout_loops_corners, lemuel_doored_altar, portal_sewer_entry_b
D:5:      layout_basic, brannock_xom_greatest_gift,
          mainiacjoe_overflow_tiny_flanked, minmay_ogre_servants, uniq_ijyb,
          uniq_edmund

Skill      XL: |  1  2  3  4  5  6 |
---------------+-------------------+-----
Necromancy     | 5 6 |  6.6
Stealth        | 2 |  2.1
Armour         | 1 |  1.5
Spellcasting   | 3 4 |  4.3
Short Blades   | 1 |  1.0
Dodging        | 2 |  2.0
Fighting       | |  0.9

Action                   |  1- 3 |  4- 6 || total
-------------------------+-------+-------++-------
Melee: Rapier            |    12 |       ||    12
       Dagger            |    13 |    48 ||    61
 Cast: Necrotise         |    48 |    96 ||   144
Evoke: Wand              |       |     1 ||     1
  Use: Scroll            |     6 |     4 ||    10
       Potion            |     4 |     3 ||     7
Armor: Scale mail        |    23 |    25 ||    48
       Skin              |       |     3 ||     3
       Robe              |       |     5 ||     5
Dodge: Dodged            |    23 |    80 ||   103

Table legend: (Time is in decaauts)
 A = Elapsed time spent in this place.
 B = Non-inter-level travel time spent in this place.
 C = Inter-level travel time spent in this place.
 D = Time resting spent in this place.
 E = Time spent auto-exploring this place.
 F = Levels seen in this place.
 G = Mean time per level.
                   A        B        C        D        E       F      G
               +--------+--------+--------+--------+--------+-----+--------+
         Total |   5068 |   4550 |    518 |      0 |   3926 |   6 |  844.7 |
       Dungeon |   4832 |   4314 |    518 |      0 |   3742 |   5 |  966.4 |
         Sewer |    236 |    236 |      0 |      0 |    184 |   1 |  236.0 |
               +--------+--------+--------+--------+--------+-----+--------+

Top non-repeatable levels by time:
     D:4: 1465 daAuts
     D:3: 1350 daAuts
     D:2: 1108 daAuts
     D:1: 779 daAuts
   Sewer: 236 daAuts
     D:5: 128 daAuts
